 Dungeon Crawl Stone Soup version 0.29.0-13-gc9e81de378 (webtiles) character file.

Game seed: 2146046546959155704

12089 mtoz the Thaumaturge (level 11, -10/84 HPs)
             Began as a Gnoll Wanderer on Sept 9, 2022.
             Was an Elder of Okawaru.
             Mangled by a two-headed ogre
             ... wielding a +0 giant club
              (21 damage)
             ... on level 10 of the Dungeon on Sept 10, 2022.
             The game lasted 02:11:08 (10352 turns).

mtoz the Thaumaturge (Gnoll Wanderer)              Turns: 10352, Time: 02:11:08

Health: -10/84     AC: 20    Str: 19    XL:     11   Next: 87%
Magic:  24/28      EV: 12    Int: 11    God:    Okawaru [****..]
Gold:   1430       SH:  0    Dex:  9    Spells: 30/36 levels left

rFire   . . .      SeeInvis .   L - +1 morningstar (holy)
rCold   . . .      Faith    .   v - orb {*Rage}
rNeg    . . .      Spirit   .   u - +4 ring mail
rPois   +          Reflect  .   (no helmet)
rElec   .          Harm     .   Y - +2 cloak {rPois}
rCorr   .          Rampage  .   s - +0 pair of gloves
Will    .....      Rage     20% S - +0 pair of boots
Stlth   ++........              h - amulet of regeneration
HPRegen 1.04/turn               W - +4 ring of slaying
MPRegen 0.21/turn               F - +4 ring of protection

@: finesse-ful, on berserk cooldown, slowed, very slow
A: fangs 1, strong nose, distributed training, mutation resistance 1
a: Renounce Religion, Heroism, Finesse


You were on level 10 of the Dungeon.
You worshipped Okawaru.
Okawaru was greatly pleased with you.
You visited 3 branches of the dungeon, and saw 12 of its levels.

You collected 1514 gold pieces.
You donated 84 gold pieces to Zin.

Inventory:

Hand Weapons
 a - a +1 vorpal executioner's axe
 m - a +3 falchion
 L - a +1 morningstar of holy wrath (weapon)
 X - a +0 spear of pain
Missiles
 b - 17 boomerangs (quivered)
 e - an atropa-tipped dart
 f - 9 silver javelins
 i - 3 boomerangs of dispersal
 j - 44 stones
 y - 2 throwing nets
 I - 6 javelins
 P - 11 poisoned darts
Armour
 p - a +2 troll leather armour {Snorg}
 s - a +0 pair of gloves (worn)
 u - a +4 ring mail (worn)
 v - an orb of wrath (worn)
 S - a +0 pair of boots (worn)
 Y - a +2 cloak of poison resistance (worn)
Jewellery
 h - an amulet of regeneration (around neck)
 l - a ring of protection from cold
 n - an amulet of faith
 E - an amulet of guardian spirit
 F - a +4 ring of protection (right hand)
 U - a ring of protection from fire
 W - a +4 ring of slaying (left hand)
Wands
 d - a wand of acid (9)
 z - a wand of paralysis (23)
Scrolls
 k - 3 scrolls of vulnerability
 t - 2 scrolls of identify
 C - 2 scrolls of teleportation
 Q - a scroll of amnesia
 V - a scroll of poison
Potions
 g - 4 potions of flight
 o - a potion of invisibility
 w - a potion of might
 x - 3 potions of resistance
 B - a potion of brilliance
 K - 2 potions of curing
 M - a potion of cancellation
 T - 2 potions of berserk rage


   Skills:
 + Level 7.5 Fighting
 + Level 6.9 Short Blades
 + Level 6.9 Long Blades
 + Level 6.9 Axes
 + Level 6.9 Maces & Flails
 + Level 6.9 Polearms
 + Level 6.9 Staves
 + Level 6.9 Ranged Weapons
 + Level 7.5 Throwing
 + Level 6.9 Armour
 + Level 6.9 Dodging
 + Level 6.9 Stealth
 + Level 6.9 Shields
 + Level 6.9 Unarmed Combat
 + Level 13.1 Spellcasting
 + Level 5.7 Conjurations
 + Level 5.7 Hexes
 + Level 5.7 Summonings
 + Level 5.7 Necromancy
 + Level 5.7 Translocations
 + Level 5.7 Transmutations
 + Level 5.7 Fire Magic
 + Level 5.7 Ice Magic
 + Level 5.7 Air Magic
 + Level 8.0 Earth Magic
 + Level 5.7 Poison Magic
 + Level 7.6 Invocations
 + Level 6.9 Evocations


You had 30 spell levels left.
You knew the following spells:

 Your Spells              Type           Power      Damage    Failure   Level
a - Sandblast             Erth           50%        2d12      1%          1
b - Shock                 Conj/Air       76%        1d7       1%          1
c - Slow                  Hex            76%        N/A       1%          1
d - Static Discharge      Conj/Air       19%        3-6/arc   1%          2
e - Foxfire               Conj/Fire      76%        2x1d7     1%          1

Your spell library contained the following spells:

 Spells                   Type           Power      Damage    Failure   Level
 Stone Arrow              Conj/Erth      44%        3d9       2%          3
 Confusing Touch          Hex            19%        N/A       4%          3
 Conjure Flame            Conj/Fire      19%        6-21      4%          3
 Inner Flame              Hex/Fire       19%        N/A       4%          3
 Mephitic Cloud           Conj/Pois/Air  19%        N/A       4%          3
 Swiftness                Air            19%        N/A       4%          3
 Vampiric Draining        Necr           19%        2d7       4%          3
 Petrify                  Tmut/Erth      22%        N/A       9%          4
 Airstrike                Air            9%         2d(2-18)  14%         4
 Flame Wave               Conj/Fire      19%        2d7       14%         4
 Hailstorm                Conj/Ice       19%        3d6       14%         4
 Blade Hands              Tmut           9%         N/A       36%         5
 Silence                  Hex/Air        9%         N/A       36%         5
 Iron Shot                Conj/Erth      11%        9d3       80%         6
 Conjure Ball Lightning   Conj/Air       9%         3x3d6     91%         6
 Ozocubu's Refrigeration  Ice            9%         4d9       100%        7
 Animate Armour           Summ/Erth      Unusable   N/A       N/A         4

Dungeon Overview and Level Annotations

Branches:
Dungeon (10/15)            Temple (1/1) D:5            Lair (0/5) D:10
    Orc (1/2) D:9

Altars:
Ashenzari
Cheibriados
Dithmenos
Elyvilon
Fedhas
Gozag
Hepliaklqana
Kikubaaqudgha
Makhleb
Nemelex Xobeh
Okawaru
Qazlal
Ru
Sif Muna
Trog
Uskayaw
Vehumet
Wu Jian
Xom
Yredelemnul
Zin
The Shining One

Shops:
D:9 [

Annotations:
D:7 3 runed translucent doors, sausages's ghost, novice MiFi


Innate Abilities, Weirdness & Mutations

You have very sharp teeth.
Your uncanny sense of smell can sniff out nearby items.
Your experience applies equally to all skills.
You are somewhat resistant to further mutation.


Message History

Grum is heavily wounded.
Grum hits you with a -2 spear!
You impale Grum!!
You kill Grum!
Okawaru accepts your kill.
You are too berserk!
The two-headed ogre closely misses you. x2
There are no items here.
You barely miss the two-headed ogre. Your bite misses the two-headed ogre.
You are no longer berserk.
You are exhausted.
You feel yourself slow down.
Okay, then.
Okay, then.
Okay, then.
As you read the scroll of fear, it crumbles to dust.
You assume a fearsome visage.
The two-headed ogre looks frightened!
You see here a wolf corpse.
The two-headed ogre seems to regain its courage.
Okay, then.
The two-headed ogre attacks as you move away!
The two-headed ogre completely misses you.
The two-headed ogre hits you with a +0 giant spiked club!!
Items here: ÷÷÷÷÷÷÷.
The two-headed ogre hits you with a +0 giant club!
The two-headed ogre hits you with a +0 giant spiked club!
* * * LOW HITPOINT WARNING * * *
Things that are here:
a +0 chain mail; a +0 mace; the troll skeleton of Snorg
Okay, then.
Okay, then.
You can now deal lightning-fast blows.
The two-headed ogre hits you with a +0 giant club.
* * * LOW HITPOINT WARNING * * *
The two-headed ogre hits you with a +0 giant spiked club.
* * * LOW HITPOINT WARNING * * *
There is a stone staircase leading up, spattered with blood here.
The two-headed ogre hits you but does no damage.
The two-headed ogre hits you with a +0 giant spiked club!!
You die...

#........###
##..÷#.#.#
###.#...#
#.###.#
#..##.#
##.##.#
#....#
#####.######
#@O.÷÷.....#
##########.##
#..## ##^.###
##...##
###..# ##.##
#... ####


You could see a two-headed ogre.

Vanquished Creatures
  Snorg (D:10)
  2 two-headed ogres (D:9)
  A hornet (D:8)
  Sigmund (D:2)
  A shadow (D:8)
  16 yaks
  6 wyverns
  2 basilisks
  Grum (D:10)
  3 steam dragons
  3 vampire mosquitoes (D:9)
  4 wargs
  5 water moccasins
  An acid dragon (D:10)
  8 orc warriors
  A sky beast (D:7)
  6 ice beasts
  3 ogres
  2 wolves (D:10)
  A centaur (D:8)
  2 kobold brigands
  7 bullfrogs
  3 necrophages
  A gnoll sergeant (D:9)
  2 scorpions
  6 killer bees (D:9)
  2 howler monkeys
  2 hounds
  9 orc priests
  7 jellies
  A gnoll bouda (D:7)
  2 iguanas (D:6)
  11 orc wizards
  9 gnolls
  6 adders
  A shadow imp (D:5)
  2 white imps
  A dart slug (D:4)
  31 orcs
  5 endoplasms
  A giant cockroach (D:1)
  6 goblins
  6 hobgoblins
  2 quokkas
  4 ball pythons
  2 bats
  3 frilled lizards
  15 kobolds
  5 rats
222 creatures vanquished.

Vanquished Creatures (others)
  A bush (D:10)
  67 foxfires
  24 plants (D:10)
92 creatures vanquished.

Grand Total: 314 creatures vanquished

Notes
Turn   | Place    | Note
-------+----------+-------------------------------------------
     0 | D:1      | Reached skill level 11 in Spellcasting
     0 | D:1      | mtoz the Gnoll Wanderer began the quest for the Orb.
     0 | D:1      | mtoz set off with the following items: a +0 dagger, 6
                  | boomerangs, a scroll of fear, a +0 leather armour; and the
                  | following spells available to memorise: Sandblast, Shock,
                  | Stone Arrow, Mephitic Cloud, Petrify.
     0 | D:1      | Reached XP level 1. HP: 17/17 MP: 12/12
    23 | D:1      | Learned a level 1 spell: Sandblast
    25 | D:1      | Learned a level 1 spell: Shock
   194 | D:1      | Reached XP level 2. HP: 23/23 MP: 11/14
   388 | D:1      | Found a faded altar of an unknown god.
   457 | D:1      | Prayed at the altar of an unknown god.
   457 | D:1      | Became a worshipper of Zin the Law-Giver
   457 | D:1      | Reached * piety under Zin
  1169 | D:2      | Noticed Sigmund
  1667 | D:2      | Reached XP level 3. HP: 26/28 MP: 10/15
  1916 | D:2      | Gained mutation: You are somewhat resistant to further
                  | mutation. [potion of mutation]
  1918 | D:2      | Killed Sigmund
  1919 | D:2      | Reached skill level 1 in Short Blades
  1919 | D:2      | Reached skill level 1 in Long Blades
  1919 | D:2      | Reached skill level 1 in Axes
  1919 | D:2      | Reached skill level 1 in Maces & Flails
  1919 | D:2      | Reached skill level 1 in Polearms
  1919 | D:2      | Reached skill level 1 in Staves
  1919 | D:2      | Reached skill level 1 in Ranged Weapons
  1919 | D:2      | Reached skill level 1 in Armour
  1919 | D:2      | Reached skill level 1 in Dodging
  1919 | D:2      | Reached skill level 1 in Stealth
  1919 | D:2      | Reached skill level 1 in Shields
  1919 | D:2      | Reached skill level 1 in Unarmed Combat
  1919 | D:2      | Reached skill level 1 in Conjurations
  1919 | D:2      | Reached skill level 1 in Hexes
  1919 | D:2      | Reached skill level 1 in Summonings
  1919 | D:2      | Reached skill level 1 in Necromancy
  1919 | D:2      | Reached skill level 1 in Translocations
  1919 | D:2      | Reached skill level 1 in Transmutations
  1919 | D:2      | Reached skill level 1 in Fire Magic
  1919 | D:2      | Reached skill level 1 in Ice Magic
  1919 | D:2      | Reached skill level 1 in Air Magic
  1919 | D:2      | Reached skill level 1 in Poison Magic
  1919 | D:2      | Reached skill level 1 in Invocations
  1919 | D:2      | Reached skill level 1 in Evocations
  1919 | D:2      | Reached XP level 4. HP: 11/35 MP: 11/17
  1919 | D:2      | Reached XP level 5. HP: 13/41 MP: 11/18
  2470 | D:3      | Reached XP level 6. HP: 47/47 MP: 17/20
  2577 | D:3      | Reached ** piety under Zin
  3319 | D:4      | Reached XP level 7. HP: 47/52 MP: 18/22
  3594 | D:5      | Entered Level 5 of the Dungeon
  3860 | D:5      | Identified 3 scrolls of acquirement
  3861 | D:5      | Acquired a +0 vorpal executioner's axe
  3864 | D:5      | Acquired the Incunabulum of the Snowflakes and the Sky
  3870 | D:5      | Learned a level 1 spell: Slow
  3873 | D:5      | Learned a level 2 spell: Static Discharge
  3879 | D:5      | Found a staircase to the Ecumenical Temple.
  3883 | D:5      | Found a shadowy altar of Dithmenos.
  3980 | D:5      | Acquired a book of Flames
  3986 | D:5      | Learned a level 1 spell: Foxfire
  4224 | D:5      | Found a bloodstained altar of Trog.
  4228 | D:5      | Reached *** piety under Zin
  4336 | D:6      | Reached XP level 8. HP: 58/60 MP: 21/23
  5136 | Temple   | Entered the Ecumenical Temple
  5434 | D:7      | Reached skill level 12 in Spellcasting
  5470 | D:7      | Reached XP level 9. HP: 66/66 MP: 25/25
  5605 | D:7      | Found a runed translucent gate.
  5605 | D:7      | Found a runed translucent gate.
  5605 | D:7      | Found a runed translucent gate.
  5605 | D:7      | Noticed sausages's ghost (novice MiFi)
  5787 | D:7      | Reached skill level 5 in Fighting
  5787 | D:7      | Reached skill level 5 in Throwing
  5888 | D:7      | Found a stormy altar of Qazlal.
  6019 | D:7      | Reached **** piety under Zin
  6439 | D:8      | Reached skill level 5 in Invocations
  6553 | D:8      | HP: 1/68 [yak (10)]
  6639 | D:8      | Found an ornate altar of the Wu Jian Council.
  6678 | D:8      | Reached skill level 5 in Short Blades
  6678 | D:8      | Reached skill level 5 in Long Blades
  6678 | D:8      | Reached skill level 5 in Axes
  6678 | D:8      | Reached skill level 5 in Maces & Flails
  6678 | D:8      | Reached skill level 5 in Polearms
  6678 | D:8      | Reached skill level 5 in Staves
  6678 | D:8      | Reached skill level 5 in Ranged Weapons
  6678 | D:8      | Reached skill level 5 in Armour
  6678 | D:8      | Reached skill level 5 in Dodging
  6678 | D:8      | Reached skill level 5 in Stealth
  6678 | D:8      | Reached skill level 5 in Shields
  6678 | D:8      | Reached skill level 5 in Unarmed Combat
  6678 | D:8      | Reached skill level 5 in Evocations
  6678 | D:8      | Reached XP level 10. HP: 62/76 MP: 15/26
  6751 | D:8      | Found a white marble altar of Elyvilon.
  6864 | D:8      | Found a shimmering blue altar of Sif Muna.
  7081 | D:8      | Found a broken altar of Ashenzari.
  7082 | D:8      | Found a sparkling altar of Nemelex Xobeh.
  7084 | D:8      | Noticed a two-headed ogre
  7150 | D:7      | Acquired 539 gold pieces
  7153 | D:7      | Reached ***** piety under Zin
  7233 | Temple   | Fell from the grace of Zin
  7233 | Temple   | Became a worshipper of Warmaster Okawaru
  7234 | Temple   | ^o god colours
  7379 | D:8      | Found a sacrificial altar of Ru.
  7767 | D:9      | Noticed a two-headed ogre
  7905 | D:9      | Reached * piety under Okawaru
  7941 | D:9      | Found a hazy altar of Hepliaklqana.
  8054 | D:9      | Killed a two-headed ogre
  8261 | D:9      | Found Xalyown's Armour Shoppe.
  8261 | D:9      | Found a staircase to the Orcish Mines.
  8366 | D:9      | Reached ** piety under Okawaru
  8449 | D:9      | Noticed a two-headed ogre
  8454 | D:9      | Killed a two-headed ogre
  8455 | D:9      | Reached skill level 5 in Conjurations
  8455 | D:9      | Reached skill level 5 in Hexes
  8455 | D:9      | Reached skill level 5 in Summonings
  8455 | D:9      | Reached skill level 5 in Necromancy
  8455 | D:9      | Reached skill level 5 in Translocations
  8455 | D:9      | Reached skill level 5 in Transmutations
  8455 | D:9      | Reached skill level 5 in Fire Magic
  8455 | D:9      | Reached skill level 5 in Ice Magic
  8455 | D:9      | Reached skill level 5 in Air Magic
  8455 | D:9      | Reached skill level 5 in Poison Magic
  8455 | D:9      | Reached XP level 11. HP: 51/83 MP: 24/27
  8501 | D:9      | Found a transporter.
  8501 | D:9      | Found a transporter.
  8943 | Orc:1    | Entered Level 1 of the Orcish Mines
  8996 | D:9      | Reached *** piety under Okawaru
  9384 | Orc:1    | Received a gift from Okawaru
  9834 | D:10     | Entered Level 10 of the Dungeon
  9943 | D:10     | Noticed Snorg
  9970 | D:10     | Reached skill level 13 in Spellcasting
 10010 | D:10     | Reached **** piety under Okawaru
 10070 | D:10     | Killed Snorg
 10140 | D:10     | Noticed a two-headed ogre
 10273 | D:10     | Found a staircase to the Lair.
 10309 | D:10     | Noticed Grum
 10333 | D:10     | Killed Grum
 10352 | D:10     | Mangled by a two-headed ogre

Illustrated notes

####### #### #≈≈≈≈≈#
#≈≈≈
#########.....####...
#≈≈≈≈≈≈##............
#≈.....##..⌠........⌠
#≈...................
#≈..@.........####...
#≈...........## ##..
#≈.....###...## #..
###...###.....## ##..
#####...##≈.....≈###...
#≈......#.........#....
#≈.....................
#≈..⌠........_........_
#≈.....................


Turn 7234 on Temple: ^o god colours

Levels and vault maps discovered:
D:1:      minmay_arrival_four_houses, layout_basic,
          hellmonk_ecumenical_altar_inner_sanctum, minmay_crystal_water
D:2:      layout_basic, minmay_split_cup_large, uniq_sigmund
D:3:      layout_basic
D:4:      layout_basic
D:5:      minmay_general_purpose_star, layout_loops_ring, old_standard_altar,
          grunt_dithmenos_smoke, temple_fountains
D:6:      layout_loops_cross, minmay_quadrilaterals
D:7:      layout_basic, nicolae_qazlal_general_emergency,
          ebering_ghost_rock_garden
D:8:      layout_gridville, nzn_wu_jian_council_hall,
          mainiacjoe_overflow_concentric_impassable,
          nemelex_xobeh_ov_fountains_minmay, nicolae_ru_sacrificial_ziggurat,
          mainiacjoe_overflow_tiny_flanked, tgw_sif
D:9:      gammafunk_beogh_shrine, layout_small_grid, kennysheep_mini,
          orc_david_3, grunt_ministairs_11
D:10:     layout_basic, minmay_lair_entry_grove, uniq_grum, uniq_snorg
Temple:   nicolae_temple_slightly_damp_pantheon
Orc:1:    layout_caves

Skill      XL: |  1  2  3  4  5  6  7  8  9 10 11 |
---------------+----------------------------------+-----
Spellcasting   | 12 13 | 13.1
Fighting       | 3 4 5 6 7 |  7.5
Short Blades   | 1 2 3 5 6 |  6.9
Long Blades    | 1 2 3 5 6 |  6.9
Axes           | 1 2 3 5 6 |  6.9
Maces & Flails | 1 2 3 5 6 |  6.9
Polearms       | 1 2 3 5 6 |  6.9
Staves         | 1 2 3 5 6 |  6.9
Ranged Weapons | 1 2 3 5 6 |  6.9
Throwing       | 3 4 5 6 7 |  7.5
Armour         | 1 2 3 5 6 |  6.9
Dodging        | 1 2 3 5 6 |  6.9
Stealth        | 1 2 3 5 6 |  6.9
Shields        | 1 2 3 5 6 |  6.9
Unarmed Combat | 1 2 3 5 6 |  6.9
Conjurations   | 1 2 3 4 5 |  5.7
Hexes          | 1 2 3 4 5 |  5.7
Summonings     | 1 2 3 4 5 |  5.7
Necromancy     | 1 2 3 4 5 |  5.7
Translocations | 1 2 3 4 5 |  5.7
Transmutations | 1 2 3 4 5 |  5.7
Fire Magic     | 1 2 3 4 5 |  5.7
Ice Magic      | 1 2 3 4 5 |  5.7
Air Magic      | 1 2 3 4 5 |  5.7
Poison Magic   | 1 2 3 4 5 |  5.7
Invocations    | 1 2 3 4 5 6 7 |  7.6
Evocations     | 1 2 3 5 6 |  6.9
Earth Magic    | 6 7 8 |  8.0

Action                   |  1- 3 |  4- 6 |  7- 9 | 10-12 || total
-------------------------+-------+-------+-------+-------++-------
Melee: Dagger            |    27 |       |       |    33 ||    60
       Executioner's axe |       |       |   203 |    81 ||   284
       Spear             |       |       |     5 |       ||     5
       Bite              |       |       |    12 |    32 ||    44
       Punch             |       |       |       |     1 ||     1
       Morningstar       |       |       |       |   205 ||   205
Throw: Boomerang         |     4 |       |     6 |    14 ||    24
       Javelin           |       |     2 |     6 |    14 ||    22
       Dart              |       |       |       |    97 ||    97
 Cast: Sandblast         |    43 |    40 |    50 |    33 ||   166
       Shock             |     4 |       |    27 |     3 ||    34
       Foxfire           |       |       |    20 |    23 ||    43
       Static Discharge  |       |       |     3 |    16 ||    19
Invok: Recite            |     1 |       |     2 |       ||     3
       Heroism           |       |       |       |     7 ||     7
       Finesse           |       |       |       |     2 ||     2
Evoke: Wand              |       |       |       |     3 ||     3
  Use: Scroll            |     3 |     1 |    11 |     8 ||    23
       Potion            |     5 |       |     5 |     1 ||    11
 Stab: Sleeping          |       |       |     2 |       ||     2
Armor: Leather armour    |     7 |       |       |       ||     7
       Ring mail         |    10 |     3 |   207 |   286 ||   506
Dodge: Dodged            |    28 |     4 |   165 |   342 ||   539
